AoeStats
← ska_18

Black Forest

508914027Analyzed
3v3 RM · 6d ago on Sep 24, 2026· 61m 9s· 6 players
Game mode
Random Map
Map size
Normal (6 player)
Population
200
Speed
Normal
Resources
Standard
Victory
Conquest
Starting age
Dark Age
Ending age
Imperial Age
RankedLock teamsTeams togetherTeam positionsShared explorationLock speedFull tech treeHidden civsTurbo modeCheats
Victory
Defeat
🇮🇹 Huns · Italy
951
+16
🇫🇷 Italians · France
912
+18
🇦🇹 Saracens · Austria
890
+20
🇷🇴 Byzantines · Romania
956
-18
🇷🇴 Turks · Romania
955
-18
🇷🇴 Spanish · Romania
952
-18
Carlossoriasilveyra
0:28 Loom
13:11 Feudal Age
15:13 Double-Bit Axe
17:40 Wheelbarrow
16:50 Town Watch
20:25 Stone Mining
20:35 Gold Mining
23:27 Castle Age
22:27 Fishing Lines
24:43 Bow Saw
26:11 Hand Cart
25:55 Fletching
26:05 Padded Archer Armor
26:05 Gillnets
26:28 Caravan
30:07 Stone Shaft Mining
30:09 Fortified Wall
30:41 Masonry
30:26 Murder Holes
30:12 Treadmill Crane
32:23 Scale Barding Armor
32:30 Forging
33:57 Bloodlines
33:48 Husbandry
34:37 Iron Casting
35:11 Chain Barding Armor
35:30 Pikeman
36:10 Squires
37:33 Scale Mail Armor
38:26 Leather Archer Armor
38:11 Bodkin Arrow
39:40 Silk Road
39:54 Chain Mail Armor
40:07 Thumb Ring
43:25 Imperial Age
40:29 Light Cavalry
44:50 Conscription
45:19 Town Patrol
46:31 Pirotechnia
47:31 Chemistry
47:15 Ballistics
47:26 Architecture
46:42 Arrowslits
47:02 Bracer
47:34 Ring Archer Armor
48:00 Fervor
48:10 Sanctity
48:16 Illumination
48:06 Block Printing
48:49 Elite Genoese Crossbowman
50:59 Hoardings
53:28 Hussar
Miccit88
6:12 Loom
11:55 Feudal Age
12:34 Horse Collar
12:41 Double-Bit Axe
24:31 Castle Age
22:56 Forging
22:52 Scale Barding Armor
22:38 Fletching
22:42 Stone Mining
22:47 Gold Mining
26:11 Heavy Plow
26:25 Bow Saw
28:28 Iron Casting
28:14 Chain Barding Armor
29:32 Wheelbarrow
29:06 Husbandry
31:54 Imperial Age
31:47 Hand Cart
31:58 Town Watch
32:56 Gold Shaft Mining
33:12 Conscription
33:33 Elite Tarkan
34:14 Marauders
35:40 Caravan
36:46 Plate Barding Armor
38:27 Blast Furnace
40:13 Bodkin Arrow
40:19 Padded Archer Armor
41:31 Capped Ram
44:13 Elite Skirmisher
44:57 Bracer
44:36 Capped Ram
61:09 Thumb Ring
ska_18
1:13 Loom
12:49 Feudal Age
18:19 Castle Age
16:34 Double-Bit Axe
17:16 Horse Collar
17:17 Fishing Lines
21:57 Wheelbarrow
21:33 Bow Saw
22:34 Gold Mining
22:33 Town Watch
23:10 Forging
23:05 Scale Barding Armor
22:51 Fletching
24:22 Stone Mining
24:55 Hand Cart
24:48 Heavy Plow
25:45 Caravan
26:03 Gillnets
27:51 Fervor
28:02 Sanctity
29:27 Iron Casting
28:48 Bodkin Arrow
29:14 Chain Barding Armor
30:05 Fortified Wall
34:11 Imperial Age
33:17 Bloodlines
33:08 Husbandry
32:28 Light Cavalry
33:05 Murder Holes
33:21 Masonry
34:37 Town Patrol
35:36 Gold Shaft Mining
35:14 Bimaristan
36:27 Chemistry
35:51 Conscription
37:06 Hoardings
37:38 Plate Barding Armor
36:44 Elite Mameluke
39:09 Blast Furnace
39:40 Two-Man Saw
41:09 Coinage
43:34 Siege Engineers
43:30 Bracer
43:55 Ballistics
60:15 Guard Tower
60:10 Arrowslits
61:26 Banking
gabisan
0:27 Loom
14:54 Feudal Age
18:54 Castle Age
17:59 Stone Mining
17:58 Double-Bit Axe
18:38 Horse Collar
19:11 Fletching
20:30 Bow Saw
20:18 Gold Mining
27:44 Gold Shaft Mining
33:52 Imperial Age
33:03 Heavy Plow
33:40 Wheelbarrow
34:39 Artillery
35:00 Conscription
34:56 Masonry
35:08 Ballistics
35:00 Caravan
35:21 Heated Shot
35:33 Arrowslits
37:02 Hoardings
36:07 Capped Ram
38:16 Two-Man Saw
37:44 Fortified Wall
38:36 Coinage
39:05 Hand Cart
39:40 Architecture
39:30 Heavy Camel Rider
41:13 Bloodlines
41:04 Husbandry
42:03 Scale Mail Armor
42:13 Forging
41:51 Elite Janissary
42:29 Heavy Scorpion
42:40 Cavalier
43:41 Man-at-Arms
49:49 Parthian Tactics
49:32 Thumb Ring
48:48 Crossbowman
50:08 Bombard Tower
50:52 Banking
50:05 Heavy Cavalry Archer
55:26 Town Watch
highrisk
3:47 Loom
12:14 Feudal Age
20:23 Castle Age
18:49 Double-Bit Axe
18:47 Horse Collar
19:16 Gold Mining
19:57 Stone Mining
21:12 Fletching
22:22 Bow Saw
29:25 Imperial Age
27:04 Heavy Plow
28:04 Wheelbarrow
28:05 Bodkin Arrow
28:11 Scale Mail Armor
29:14 Gold Shaft Mining
29:31 Hand Cart
31:06 Two-Man Saw
31:57 Stone Shaft Mining
32:09 Crop Rotation
33:06 Caravan
33:24 Chain Mail Armor
34:57 Ballistics
36:00 Logistica
38:59 Scale Barding Armor
40:27 Fortified Wall
41:18 Chemistry
41:14 Elite Cataphract
42:30 Hoardings
43:52 Plate Mail Armor
43:43 Chain Barding Armor
43:34 Forging
46:03 Murder Holes
48:40 Plate Barding Armor
48:41 Iron Casting
51:54 Hoardings
51:41 Padded Archer Armor
52:36 Elite Skirmisher
55:27 Pikeman
56:08 Squires
55:54 Pikeman
57:15 Halberdier
email_to_mihai
1:00 Loom
13:57 Feudal Age
20:21 Castle Age
18:14 Double-Bit Axe
18:13 Horse Collar
18:39 Stone Mining
19:16 Gold Mining
24:40 Wheelbarrow
25:49 Bow Saw
32:49 Imperial Age
30:23 Pikeman
31:04 Squires
30:38 Man-at-Arms
31:04 Gambesons
31:15 Fletching
31:36 Forging
31:27 Scale Mail Armor
31:28 Padded Archer Armor
31:43 Caravan
32:53 Hand Cart
32:59 Husbandry
33:09 Bloodlines
33:14 Scale Barding Armor
34:06 Cavalier
34:08 Light Cavalry
35:56 Conscription
35:18 Long Swordsman
36:45 Bodkin Arrow
37:11 Chain Barding Armor
37:28 Iron Casting
37:09 Chain Mail Armor
37:09 Leather Archer Armor
36:47 Halberdier
36:48 Two-Handed Swordsman
39:13 Chemistry
38:34 Ballistics
39:20 Plate Barding Armor
38:46 Bracer
39:41 Onager
40:21 Champion
41:23 Elite Conquistador
43:10 Hussar
44:03 Elite Skirmisher
Connection lost

Rejoining the realm…

Still unreachable

The connection could not be restored.

Session expired

The server has moved on; the page needs a fresh start.